 Dungeon Crawl Stone Soup version 0.23.2-33-g5129a83184 (webtiles) character file.

Game seed: 8949330022077205250

151 ruda the Chopper (level 5, -4/47 HPs)
             Began as a Minotaur Fighter on July 27, 2019.
             Slain by Terence
             ... wielding a +0 hand axe
              (5 damage)
             ... on level 4 of the Dungeon.
             The game lasted 00:08:55 (3083 turns).

ruda the Chopper (Minotaur Fighter)                 Turns: 3083, Time: 00:08:57

Health: -4/47      AC:  9    Str: 21    XL:     5   Next: 11%
Magic:  4/4        EV:  5    Int:  9    God:
Gold:   202        SH:  9    Dex:  9    Spells: 4/4 levels left

rFire    . . .     SeeInvis .   a - +0 war axe
rCold    . . .     Gourm    .   c - +0 shield
rNeg     . . .     Faith    .   m - +0 chain mail
rPois    .         Spirit   .   (helmet restricted)
rElec    .         Reflect  .   (no cloak)
rCorr    .         Harm     .   (no gloves)
MR       .....                  (no boots)
Stlth    ..........             (no amulet)
HPRegen  0.15/turn              q - +3 ring of intelligence
MPRegen  0.09/turn              (no ring)

@: no status effects
A: retaliatory headbutt, horns 2
a: no special abilities


You were on level 4 of the Dungeon.
You were hungry.

You visited 1 branch of the dungeon, and saw 4 of its levels.

You collected 202 gold pieces.

Inventory:

Hand Weapons
 a - a +0 war axe (weapon)
Missiles
 n - a throwing net (quivered)
Armour
 c - a +0 shield (worn)
 m - a +0 chain mail (worn)
Jewellery
 q - a +3 ring of intelligence (left hand)
Scrolls
 e - a scroll of enchant armour {unknown}
 h - a scroll of magic mapping {unknown}
 i - a scroll of teleportation {unknown}
 j - a scroll of remove curse {unknown}
 r - a scroll of immolation {unknown}
Potions
 b - a potion of agility {unknown}
 d - 3 potions of might
 g - a potion of mutation
 k - a potion of invisibility {unknown}
 l - 2 potions of heal wounds
 o - 2 potions of curing {unknown}
 p - a potion of resistance {unknown}
 s - a potion of flight {unknown}
Comestibles
 f - 4 rations


   Skills:
 + Level 4.7 Fighting
 * Level 4.8 Axes
 - Level 3.7 Armour
 + Level 4.7 Shields


You had 4 spell levels left.
You didn't know any spells.
Your spell library was empty.

Dungeon Overview and Level Annotations

Branches:
Dungeon (4/15)
 Temple: D:4-7

Altars:

Annotations:
D:3 Sigmund
D:4 Terence


Innate Abilities, Weirdness & Mutations

You reflexively headbutt those who attack you in melee.
You have a pair of horns on your head.


Message History

Terence says, "Did you write a will?
You should..."
Terence hits you but does no damage. The hound bites you.
* * * LOW HITPOINT WARNING * * *
You slash Terence!
Terence is heavily wounded.
You miss the hound.
You feel sick.
You are no longer poisoned.
The hound bites you.
* * * LOW HITPOINT WARNING * * *
Terence hits you with a +0 hand axe.
* * * LOW HITPOINT WARNING * * *
An orc comes into view. It is wielding a +0 flail.
You closely miss Terence.
The orc shouts!
Your headbutt misses Terence.
Terence is heavily wounded.
You closely miss the hound.
The hound stops to sniff the ground.
The hound bites you but does no damage. Terence hits you with a +0 hand axe.
You die...

#o. #.# #o#
#.# ##.##
####...######
#...h@.......
#.@.# ##^##
.$# ####


You could see Terence, a hound, an orc priest and an orc.

Vanquished Creatures
  An orc priest (D:3)
  6 adders
  4 dart slugs
  A leopard gecko (D:1)
  4 orcs (D:3)
  3 giant cockroaches
  8 goblins
  9 hobgoblins
  A ball python (D:3)
  7 bats
  3 frilled lizards
  5 kobolds
  7 rats
59 creatures vanquished.

Notes
Turn   | Place    | Note
-------+----------+-------------------------------------------
     0 | D:1      | ruda the Minotaur Fighter began the quest for the Orb.
     0 | D:1      | Reached XP level 1. HP: 19/19 MP: 0/0
   806 | D:1      | Reached XP level 2. HP: 27/27 MP: 1/1
  1400 | D:2      | Reached XP level 3. HP: 33/33 MP: 2/2
  1609 | D:2      | Reached XP level 4. HP: 32/40 MP: 3/3
  2641 | D:3      | Reached XP level 5. HP: 39/47 MP: 4/4
  2939 | D:3      | Noticed Sigmund
  2940 | D:3      | Noticed Terence
  3082 | D:4      | HP: 1/47 [Terence/+0 hand axe (3)]
  3083 | D:4      | Slain by Terence

Skill      XL: |  1  2  3 |
---------------+----------+-----
Axes           | 3 4 |  4.8
Fighting       | 4 |  4.7
Shields        | 4 |  4.7
Armour         | |  3.7

Action                   |  1- 3 |  4- 6 || total
-------------------------+-------+-------++-------
Melee: War axe           |    90 |    46 ||   136
       Headbutt          |    11 |    10 ||    21
  Use: Scroll            |       |     2 ||     2
  Eat: Chunk             |     2 |     4 ||     6
Armor: Scale mail        |    48 |       ||    48
       Chain mail        |    20 |    56 ||    76
Dodge: Dodged            |    44 |    33 ||    77
Block: Shield            |    68 |    44 ||   112
